 Dungeon Crawl Stone Soup version 0.30-a0-860-g512cf1e979 (webtiles) character file.

Game seed: 4277886747605807858

238 Querens the Magician (level 6, 0/47 HPs)
             Began as a Djinni Hedge Wizard on Mar 7, 2023.
             Killed by nerve-wracking pain
             ... invoked by a shadow imp
              (13 damage)
             ... in a sewer.
             The game lasted 00:08:43 (1256 turns).

Querens the Magician (Djinni Hedge Wizard)          Turns: 1256, Time: 00:08:44

Health: 0/47       AC:  4    Str:  9    XL:     6   Next: 28%
Gold:   65         EV: 12    Int: 17    God:
                   SH:  0    Dex: 13

rFire   + + .      SeeInvis .    d - staff of conjuration
rCold   x . .      Faith    .    (no shield)
rNeg    . . .      Spirit   .    b - +0 robe
rPois   ∞          Reflect  .    f - +0 helmet
rElec   .          Rampage  .    (no cloak)
rCorr   .                        e - +0 pair of gloves
Will    .....                    (boots unavailable)
Stlth   ++                       (no amulet)
HPRegen 0.27/turn                j - +4 ring of slaying
MPRegen 0.00/turn                (no ring)

@: flying
A: sickness immunity, fire resistance 2, cold vulnerability 1, float, innate
caster, HP casting, extra vitality 1
a: no special abilities


You were in a sewer.
You visited 1 branch of the dungeon, and saw 3 of its levels.
You also visited: Sewer.

You collected 65 gold pieces.

Inventory:

Hand Weapons
 a - a +0 dagger
Armour
 b - a +0 robe (worn)
 c - a +0 hat
 e - a +0 pair of gloves (worn)
 f - a +0 helmet (worn)
Magical Staves
 d - a staff of conjuration (weapon)
Jewellery
 j - a +4 ring of slaying (left hand)
Scrolls
 g - a scroll of enchant weapon {unknown}
 h - a scroll of poison {unknown}
 k - 2 scrolls of identify {unknown}
Potions
 i - 2 potions of degeneration {unknown}
 l - 3 potions of flight {unknown}


   Skills:
 + Level 3.9 Fighting
 - Level 2.1 Dodging
 - Level 1.5 Stealth
 + Level 3.9 Spellcasting


You knew the following spells:

 Your Spells              Type           Power      Damage    Failure   Level
a - Magic Dart            Conj           100%       1d8       3%          1
b - Slow                  Hex            64%        N/A       3%          1
c - Blink                 Tloc           32%        N/A       4%          2
d - Call Imp              Summ           16%        N/A       4%          2
e - Mephitic Cloud        Conj/Pois/Air  25%        N/A       10%         3
f - Foxfire               Conj/Fire      100%       2x1d9     3%          1
g - Ensorcelled Hibernat  Hex/Ice        32%        N/A       4%          2
Your spell library was empty.

Dungeon Overview and Level Annotations

Branches:
Dungeon (3/15)              Sewer (1/1)

Altars:


Innate Abilities, Weirdness & Mutations

You are immune to sickness and miasma.
You are immune to poison.
Your flesh is very heat resistant. (rF++)
You are vulnerable to cold. (rC-)
You float through the air rather than walking.
You learn spells naturally, not from books.
Your magical power is your life essence.
You have superior vitality. (+4 MHP)


Message History

The kobold brigand is engulfed in a cloud of scalding steam.
Casting: Foxfire (safe; 3% risk of failure)
Confirm with . or Enter, or press ? or * to list all spells.
You feel a surge of power!
You conjure some foxfire!
* * * LOW HITPOINT WARNING * * *
You hear a splash. x2
You feel a bit more experienced.
The foxfire hits the kobold brigand.
The kobold brigand is almost dead.
The foxfire hits the kobold brigand.
You kill the kobold brigand!
You hear a splash. x2
You have reached level 6!
Casting: Foxfire (safe; 3% risk of failure)
Confirm with . or Enter, or press ? or * to list all spells.
You feel a surge of power!
You conjure some foxfire!
* * * LOW HITPOINT WARNING * * *
The foxfire hits the shadow imp.
The shadow imp is heavily wounded.
The shadow imp is engulfed in a cloud of scalding steam.
The foxfire hits the shadow imp!
You kill the shadow imp!
A shadow imp comes into view.
Casting: Foxfire (safe; 3% risk of failure)
Confirm with . or Enter, or press ? or * to list all spells.
You feel a surge of power!
You conjure some foxfire!
The shadow imp shouts!
* * * LOW HITPOINT WARNING * * *
The foxfire hits the kobold.
You kill the kobold!
The foxfire hits the shadow imp.
The shadow imp is moderately wounded.
A kobold comes into view. It is wielding a +0 dagger.
Casting: Foxfire (safe; 3% risk of failure)
Confirm with . or Enter, or press ? or * to list all spells.
You feel a surge of power!
You conjure some foxfire!
* * * LOW HITPOINT WARNING * * *
The shadow imp gestures at you. Pain shoots through your body!
You die...

..........≈≈≈≈..)'.§._
...).......≈≈#...#....
#≈#≈≈###≈#.####K## §
≈≈~≈≈≈~≈~~...#.5≈#
≈≈≈≈≈≈≈≈≈≈~..#.)≈#
≈≈≈≈≈≈≈≈≈~≈≈.#.)≈#
≈≈≈≈≈≈≈≈≈≈~).#.)≈#
≈≈≈≈≈≈≈≈≈≈≈~.#.v~#
≈≈≈≈≈≈≈≈≈≈≈~.'.v@#
###############≈##
~≈~≈~≈≈≈~≈≈~~≈~≈≈#
≈≈≈≈≈≈≈≈≈~≈~~≈~~≈#
≈≈≈≈≈≈≈≈≈≈≈~~~≈≈≈#
##################


You could see a shadow imp (ally target) and a kobold.

Vanquished Creatures
  A kobold brigand (Sewer)
  Natasha (D:2)
  2 adders
  2 shadow imps (Sewer)
  A dart slug (D:2)
  2 orcs
  4 bats
  8 endoplasms
  4 giant cockroaches
  A goblin (D:2)
  8 hobgoblins
  2 quokkas (D:1)
  5 ball pythons
  3 frilled lizards
  19 kobolds
  A kobold zombie (Sewer)
  10 rats
74 creatures vanquished.

Vanquished Creatures (collateral kills)
  Natasha (D:2)
  A gnoll (D:1)
  A giant cockroach (D:2)
3 creatures vanquished.

Vanquished Creatures (others)
  An endoplasm (Sewer)
  97 foxfires
98 creatures vanquished.

Grand Total: 175 creatures vanquished

Notes
Turn   | Place    | Note
-------+----------+-------------------------------------------
     0 | D:1      | Querens the Djinni Hedge Wizard began the quest for the
                  | Orb.
     0 | D:1      | Querens set off with the following spells memorised: Magic
                  | Dart, Slow, Blink, Call Imp, Mephitic Cloud.
     0 | D:1      | Reached XP level 1. HP: 15/15 MP: 0/0
    55 | D:1      | Reached XP level 2. HP: 4/22 MP: 0/0
    58 | D:1      | Reached skill level 1 in Fighting
   215 | D:1      | Reached XP level 3. HP: 25/27 MP: 0/0
   215 | D:1      | Learned a level 1 spell: Foxfire
   490 | D:2      | Reached XP level 4. HP: 32/33 MP: 0/0
   687 | D:2      | Noticed Natasha
   694 | D:2      | Killed Natasha
   829 | D:2      | Reached XP level 5. HP: 39/40 MP: 0/0
   829 | D:2      | Learned a level 2 spell: Ensorcelled Hibernation
   905 | D:2      | Noticed Natasha
   912 | D:2      | Killed Natasha
  1136 | D:3      | Found a glowing drain.
  1145 | Sewer    | Entered a sewer
  1232 | Sewer    | Found a burning altar of Makhleb.
  1232 | Sewer    | Noticed a kobold brigand
  1249 | Sewer    | Killed a kobold brigand
  1250 | Sewer    | Reached XP level 6. HP: 14/47 MP: 0/0
  1256 | Sewer    | Killed from afar by a shadow imp

Illustrated notes

Levels and vault maps discovered:
D:1:      wander_arrival_fairy_ring, layout_rooms
D:2:      minmay_angry_zag, layout_loops_ring, minmay_bisected, uniq_sigmund,
          uniq_natasha
D:3:      layout_rooms, gammafunk_temple_overflow_pools,
          mainiacjoe_overflow_concentric_impassable, serial_shops,
          nicolae_shop_temple_entry_statues_fountains, portal_sewer_entry_d
Sewer:    kennysheep_sewer_church

Skill      XL: |  1  2  3  4  5 |
---------------+----------------+-----
Fighting       | 1 2 3 |  3.9
Spellcasting   | 3 |  3.9
Dodging        | |  2.1
Stealth        | |  1.5

Action                     |  1- 3 |  4- 6 || total
---------------------------+-------+-------++-------
  Melee: Dagger            |     2 |       ||     2
   Cast: Magic Dart        |    51 |    18 ||    69
         Call Imp          |     1 |     1 ||     2
         Foxfire           |     8 |    47 ||    55
         Mephitic Cloud    |       |     1 ||     1
 Armour: Robe              |     3 |     7 ||    10
  Dodge: Dodged            |     9 |    19 ||    28

Table legend: (Time is in decaauts)
 A = Elapsed time spent in this place.
 B = Non-inter-level travel time spent in this place.
 C = Inter-level travel time spent in this place.
 D = Time resting spent in this place.
 E = Time spent auto-exploring this place.
 F = Levels seen in this place.
 G = Mean time per level.
                   A        B        C        D        E       F      G
               +--------+--------+--------+--------+--------+-----+--------+
         Total |   1254 |   1161 |     93 |      0 |      0 |   4 |  313.5 |
       Dungeon |   1143 |   1050 |     93 |      0 |      0 |   3 |  381.0 |
         Sewer |    110 |    110 |      0 |      0 |      0 |   1 |  110.0 |
               +--------+--------+--------+--------+--------+-----+--------+

Top non-repeatable levels by time:
     D:2: 735 daAuts
     D:1: 366 daAuts
   Sewer: 110 daAuts
     D:3: 41 daAuts
